 Dungeon Crawl Stone Soup version 0.31.0-11-ge490571c62 (webtiles) character file.

Game seed: 7004761452282532685

13597 Zeor the Carver (level 12, -1/97 HPs)
             Began as a Formicid Fighter on Feb 2, 2024.
             Was a Priest of Zin.
             Slain by a two-headed ogre
             ... wielding a +0 giant club of flaming
              (10 damage)
             ... in a volcano.
             The game lasted 00:34:59 (11165 turns).

Zeor the Carver (Formicid Fighter)                 Turns: 11165, Time: 00:35:00

Health: -1/97      AC: 11    Str: 21    XL:     12   Next: 34%
Magic:  16/16      EV: 11    Int: 11    God:    Zin [***...]
Gold:   69         SH:  0    Dex: 18    Spells: 11/11 levels left

rFire   + + .        t - +4 great sword
rCold   + . .        c - +0 buckler
rNeg    . . .        n - +2 scale mail {rC+}
rPois   ∞            (helmet unavailable)
rElec   .            (no cloak)
rCorr   .            k - +0 pair of gloves
SInv    +            (no boots)
Will    +....        i - amulet of reflection Stlth
                     l - ring of protection from fire
HPRegen 0.00/turn    d - ring of protection from fire
MPRegen 0.15/turn

%: reflection
@: confused, vitalised, ambrosia-drunk, inhibited regen
A: permanent stasis, dig shafts and tunnels, antennae 3, four strong arms,
talons 1, robust 1, inhibited regeneration, subdued magic 1
a: Dig, Renounce Religion, Recite, Vitalisation, Imprison, Donate Gold


You were in a volcano.
You worshipped Zin.
Zin was most pleased with you.
You visited 4 branches of the dungeon, and saw 13 of its levels.
You also visited: Bailey and Volcano.

You collected 568 gold pieces.
You spent 280 gold pieces at shops.
You donated 219 gold pieces to Zin.

Inventory:

Hand Weapons
 a - a +4 scimitar of flaming
 s - a +0 long sword of protection
 t - a +4 great sword (weapon)
Missiles
 v - 2 curare-tipped darts
 y - 4 datura-tipped darts
Armour
 c - a +0 buckler (worn)
 k - a +0 pair of gloves (worn)
 n - a +2 scale mail of cold resistance (worn)
 q - a +2 tower shield
Jewellery
 d - a ring of protection from fire (right hand)
 h - a +5 ring of evasion
 i - an amulet of reflection (around neck)
 j - a ring of positive energy
 l - a ring of protection from fire (left hand)
 r - a ring of resist corrosion
 w - a +4 ring of protection
 x - a ring of poison resistance
Wands
 b - a wand of paralysis (4)
 e - a wand of flame (13)
 p - a wand of mindburst (6)
Scrolls
 f - 2 scrolls of fear
Potions
 g - 2 potions of brilliance
 m - 2 potions of attraction
 o - a potion of enlightenment


   Skills:
 + Level 6.7 Fighting
 * Level 13.0 Long Blades
 + Level 7.6 Armour
 + Level 3.3 Dodging
 + Level 3.1 Stealth
 * Level 12.9 Shields
 * Level 5.4 Invocations
 + Level 0.3 Evocations


You had 11 spell levels left.
You didn't know any spells.
Your spell library contained the following spells:

 Spells                   Type           Power      Damage    Failure   Level
 Apportation              Tloc           0%         N/A       65%         1
 Necrotise                Necr           0%         1d4       65%         1
 Sting                    Conj/Alch      0%         1d3       65%         1
 Summon Small Mammal      Summ           0%         N/A       65%         1
 Ensorcelled Hibernation  Hex/Ice        0%         N/A       80%         2
 Mercury Vapours          Alch/Air       0%         N/A       80%         2
 Fugue of the Fallen      Necr           0%         N/A       95%         3
 Mephitic Cloud           Conj/Alch/Air  0%         N/A       95%         3
 Ozocubu's Armour         Ice            0%         N/A       95%         3
 Anguish                  Hex/Necr       0%         N/A       100%        4
 Freezing Cloud           Conj/Ice/Air   0%         6-21      100%        5
 Metabolic Englaciation   Hex/Ice        0%         N/A       100%        5
 Sculpt Simulacrum        Ice/Alch       0%         N/A       100%        6


Dungeon Overview and Level Annotations

Branches:
Dungeon (10/15)            Temple (1/1) D:7            Lair (1/5) D:10
    Orc (1/2) D:9          Bailey (visited)         Volcano (1/1)

Altars:
Ashenzari
Cheibriados
Dithmenos
Elyvilon
Fedhas
Gozag
Hepliaklqana
Kikubaaqudgha
Makhleb
Nemelex Xobeh
Okawaru
Qazlal
Ru
Sif Muna
Trog
Uskayaw
Vehumet
Wu Jian
Xom
Yredelemnul
Zin
The Shining One

Shops:
D:3 (   D:5 =   D:10 =

Annotations:
D:8 exclusion: orange crystal statue


Innate Abilities, Weirdness & Mutations

You cannot be hasted, slowed, berserked, paralysed or teleported.
You can dig through walls and to a lower floor.
You have a pair of large antennae on your head. (SInv)
Your four strong arms can wield two-handed weapons with a shield.
You have sharp toenails.
You are robust. (+10% HP)
You do not regenerate when monsters are visible.
Your spells are a little easier to cast, but a little less powerful.


Message History

The two-headed ogre hits you with a +0 great mace of flaming!
The two-headed ogre burns you.
You slice the two-headed ogre!! Your kick misses the two-headed ogre.
The two-headed ogre is almost dead.
You slash the two-headed ogre!
You kill the two-headed ogre!
The ogre mage hits you from afar with a +2 spear of flaming.
The two-headed ogre hits you with a +0 giant club of flaming!
The two-headed ogre burns you. You block the two-headed ogre's attack.
Your Long Blades skill increases to level 13!
Okay, then.
You are too injured to fight recklessly!
You are too injured to fight recklessly!
You hit the two-headed ogre.
You claw the two-headed ogre, but do no damage.
The two-headed ogre is lightly wounded.
The two-headed ogre barely misses you. You block the two-headed ogre's attack.
You block the ogre mage's attack.
You hit the two-headed ogre but do no damage.
You claw the two-headed ogre, but do no damage.
The two-headed ogre is lightly wounded.
The two-headed ogre barely misses you.
The two-headed ogre hits you with a +0 giant club of flaming.
You slice the two-headed ogre!!
The two-headed ogre is heavily wounded.
The ogre mage hits you from afar with a +2 spear of flaming!
The two-headed ogre hits you with a +0 giant club of flaming!!
* * * LOW HITPOINT WARNING * * *
The two-headed ogre hits you but does no damage.
It was a potion of lignification.
Zin protects your body from unnatural transformation!
You feel woody for a moment.
You block the two-headed ogre's attack. x2
The ogre mage hits you from afar with a +2 spear of flaming!
* * * LOW HITPOINT WARNING * * *
The ogre mage burns you.
* * * LOW HITPOINT WARNING * * *
You are confused.
You feel invigorated.
The two-headed ogre hits you with a +0 giant club of flaming!
You die... ≈≈#≈≈≈#≈##≈≈≈≈≈####≈≈≈≈≈≈≈≈≈≈≈≈≈≈ ≈≈≈≈#≈≈≈≈≈#≈≈###≈≈≈##≈#≈#≈≈≈≈≈≈≈# ≈≈≈##≈≈≈∙∙∙∙∙∙##∙∙∙∙∙∙∙∙∙∙≈≈#≈#≈# #####≈≈∙▒▒▒▒▒▒▒▒▒▒▒▒▒▒▒▒▒∙##≈≈### ≈≈#≈≈≈≈#▒ ■∙∙∙∙∙■ ▒∙≈≈≈≈≈≈≈ ≈≈≈###≈∙▒ { ∙8▄8∙ { ▒∙#≈≈#≈≈# ≈≈####≈∙▒ ∙OO

▒∙#####≈#
≈≈≈#####▒▒▒■■▒▒▒O▒▒▒■■▒▒▒∙#####≈#
≈≈##≈###▒∙∙∙∙∙∙▒B▒∙∙∙∙∙∙▒∙≈#≈≈≈≈≈
#≈≈≈≈≈≈#▒▒▒▒▒▒∙▒∙▒∙▒▒▒▒▒▒∙###≈≈≈≈
#∙∙≈≈##∙▒ ▒∙▒ ▒#≈#≈≈≈≈≈ ##∙≈≈≈≈∙▒
▒∙▒ ▒∙###≈#≈≈ ##≈∙≈##∙▒ { ▒∙▒ {
▒∙≈#≈≈##≈ ##≈≈∙≈≈∙▒ ▒∙▒ ▒∙#≈≈≈#≈≈
≈##≈≈∙∙∙▒▒▒▒▒▒▒▒■▒▒▒▒▒▒▒▒∙≈##≈##≈
##≈≈≈≈≈≈∙∙∙∙∙∙∙###∙∙∙##∙∙≈≈≈#≈≈≈#
#≈≈#≈≈≈#≈≈≈∙≈≈≈≈≈≈#####≈≈≈≈≈#≈#≈#


You could see 2 two-headed ogres and an ogre mage (invisible).

Vanquished Creatures
  Snorg (Orc:1)
  Erica (D:8)
  A two-headed ogre (Volcano)
  Joseph (D:8)
  A smoke demon (D:10)
  2 ice devils (D:10)
  2 hellwings (D:10)
  A polar bear (Lair:1)
  A troll (D:8)
  2 hornets (D:9)
  A ynoxinul (D:10)
  A wraith (D:9)
  23 yaks
  A wyvern (D:5)
  A steam dragon (D:8)
  2 fire bats (Volcano)
  Menkaure (D:6)
  5 water moccasins
  2 hell hounds (Orc:1)
  8 orc warriors
  2 sky beasts
  5 ice beasts
  An ogre (Orc:1)
  A centaur (D:3)
  5 kobold brigands
  5 bullfrogs
  2 scorpions
  3 wights (D:8)
  9 killer bees
  3 howler monkeys (D:7)
  6 lava snakes (Volcano)
  2 bombardier beetles
  4 crimson imps (D:8)
  4 quasits (D:10)
  2 jellies
  9 orc priests
  3 hounds
  3 sleepcaps
  2 iguanas
  11 orc wizards
  7 adders
  A white imp (D:5)
  3 ribbon worms
  35 orcs
  4 ball pythons
  8 endoplasms
  4 giant cockroaches
  10 goblins
  5 hobgoblins
  8 jackals
  28 kobolds
  2 quokkas
  4 bats
  5 frilled lizards
  6 rats
270 creatures vanquished.

Vanquished Creatures (collateral kills)
  A rat (D:2)
1 creature vanquished.

Grand Total: 271 creatures vanquished

Notes
Turn   | Place    | Note
-------+----------+-------------------------------------------
     0 | D:1      | Zeor the Formicid Fighter began the quest for the Orb.
     0 | D:1      | Reached XP level 1. HP: 18/18 MP: 1/1
   159 | D:1      | Reached XP level 2. HP: 23/24 MP: 2/2
   412 | D:1      | Reached XP level 3. HP: 29/29 MP: 3/3
  1082 | D:2      | Reached XP level 4. HP: 32/35 MP: 4/4
  1091 | D:2      | Reached skill level 3 in Long Blades
  1618 | D:3      | Noticed a centaur
  1650 | D:3      | Killed a centaur
  1651 | D:3      | Reached XP level 5. HP: 35/42 MP: 5/5
  1653 | D:3      | Reached skill level 4 in Long Blades
  2027 | D:3      | Found Xojan's Weapon Shop.
  2090 | D:3      | Reached XP level 6. HP: 48/48 MP: 6/6
  2500 | D:4      | Reached skill level 5 in Shields
  2782 | D:4      | Found an iron altar of Okawaru.
  2788 | D:4      | Found a burning altar of Makhleb.
  2790 | D:4      | Found a snail-covered altar of Cheibriados.
  2791 | D:4      | Found a basalt altar of Yredelemnul.
  2801 | D:4      | Reached skill level 5 in Long Blades
  2801 | D:4      | Found a radiant altar of Vehumet.
  2802 | D:4      | Found a white marble altar of Elyvilon.
  2803 | D:4      | Found a stormy altar of Qazlal.
  2855 | D:5      | Entered Level 5 of the Dungeon
  2932 | D:5      | Reached XP level 7. HP: 43/53 MP: 7/7
  3010 | D:5      | Found a bloodstained altar of Trog.
  3144 | D:5      | Found Xyqaf's Jewellery Boutique.
  3692 | D:5      | Noticed a yak
  3692 | D:5      | Noticed a wyvern
  3693 | D:5      | Gained mutation: You do not regenerate when monsters are
                  | visible. [potion of mutation]
  3693 | D:5      | Gained mutation: Your spells are a little easier to cast,
                  | but a little less powerful. [potion of mutation]
  3693 | D:5      | Gained mutation: You have sharp toenails. [potion of
                  | mutation]
  3693 | D:5      | Gained mutation: You are robust. (+10% HP) [potion of
                  | mutation]
  3706 | D:5      | Killed a yak
  3707 | D:5      | Reached skill level 6 in Long Blades
  3718 | D:5      | Killed a wyvern
  3719 | D:5      | Reached XP level 8. HP: 52/66 MP: 8/8
  4120 | D:6      | Noticed Menkaure
  4127 | D:6      | Killed Menkaure
  4128 | D:6      | Reached skill level 7 in Long Blades
  4195 | D:6      | Reached skill level 5 in Armour
  4921 | D:7      | Reached skill level 8 in Long Blades
  4932 | D:7      | Reached XP level 9. HP: 64/72 MP: 9/9
  5022 | D:7      | Reached skill level 1 in Dodging
  5117 | D:7      | Reached skill level 5 in Fighting
  5119 | D:7      | You fall into a shaft and drop 2 floors!
  5182 | D:9      | Reached skill level 9 in Long Blades
  5393 | D:9      | are you fucking kidding me
  5427 | D:9      | Noticed a hornet
  5436 | D:9      | Killed a hornet
  5734 | D:8      | Noticed a troll
  5756 | D:8      | Noticed an orange crystal statue
  5773 | D:8      | Killed a troll
  5774 | D:8      | Reached skill level 1 in Stealth
  5873 | D:8      | Noticed Erica
  5882 | D:8      | Killed Erica
  5883 | D:8      | Reached XP level 10. HP: 29/81 MP: 10/10
  6073 | D:8      | Reached skill level 10 in Long Blades
  6114 | D:8      | Reached skill level 10 in Shields
  6942 | D:7      | Found a staircase to the Ecumenical Temple.
  6983 | Temple   | Entered the Ecumenical Temple
  7002 | Temple   | Became a worshipper of Zin the Law-Giver
  7002 | Temple   | Reached * piety under Zin
  7046 | D:7      | Donated 163 gold pieces to Zin
  7048 | D:7      | Reached ** piety under Zin
  7296 | D:8      | Reached skill level 1 in Invocations
  7561 | D:8      | Found a shimmering altar of Xom.
  7726 | D:8      | Noticed Joseph
  7742 | D:8      | Killed Joseph
  7743 | D:8      | Reached skill level 11 in Long Blades
  7981 | D:9      | Reached XP level 11. HP: 89/89 MP: 12/12
  7994 | D:9      | Found a staircase to the Orcish Mines.
  8379 | D:9      | Found a glowing golden altar of the Shining One.
  8563 | D:10     | Entered Level 10 of the Dungeon
  8787 | D:10     | Reached *** piety under Zin
  8880 | D:10     | Reached skill level 12 in Long Blades
  8978 | D:10     | Found a staircase to the Lair.
  9305 | D:10     | Found a flagged portal.
  9313 | Bailey   | Entered a bailey
  9757 | D:10     | Found Liowergh's Jewellery Shoppe.
  9925 | D:10     | Reached skill level 5 in Invocations
  9925 | D:10     | Reached XP level 12. HP: 57/97 MP: 15/15
 10289 | D:5      | Bought a ring of poison resistance for 280 gold pieces
 10455 | Lair:1   | Entered Level 1 of the Lair of Beasts
 10565 | Orc:1    | Entered Level 1 of the Orcish Mines
 10576 | Orc:1    | Noticed Snorg
 10583 | Orc:1    | Killed Snorg
 10647 | Orc:1    | Found a dark tunnel.
 10680 | Volcano  | Entered a volcano
 11152 | Volcano  | Found a burning altar of Makhleb.
 11152 | Volcano  | Noticed a two-headed ogre
 11152 | Volcano  | Noticed an ogre mage
 11152 | Volcano  | Noticed a two-headed ogre
 11152 | Volcano  | Noticed a two-headed ogre
 11160 | Volcano  | Killed a two-headed ogre
 11161 | Volcano  | Reached skill level 13 in Long Blades
 11165 | Volcano  | Slain by a two-headed ogre

Illustrated notes y

▒∙▒ ▒∙▒∙∙∙▒ ▒≈ ▒∙▒
▒∙∙▒∙∙ ▒≈
▒†▒▒▒▒∙∙∙▒∙▒ ∙
▒≈▒▒▒▒∙∙∙∙∙∙∙∙∙▒
∙∙∙▒≈∙∙∙▒∙∙∙∙∙▒▒▒▒
▒∙∙≈∙∙∙∙▒▒∙∙∙∙∙∙∙▒
≈▒≈∙∙∙∙∙▒∙▒∙∙∙∙∙▒∙▒
▒≈▒▒▒▒▒▒▒∙∙▒∙∙∙▒∙∙▒
▒ ▒∙∙∙▒B▒∙∙∙▒
▒▒▒▒▒∙∙∙∙∙▒ ▒[▒∙∙∙▒
∙∙∙▒∙∙▒ ∙?∙ ▒∙▒


∙$∙∙∙ ▒▒ ∙∙∙▒▒ ∙∙∙∙∙ Turn 5393 on D:9: are you fucking kidding me

Levels and vault maps discovered:
D:1:      hellmonk_arrival_library, layout_loops_corners
D:2:      layout_rooms, minmay_misc_feat_diagonals, roderic_cross_of_infinity
D:3:      layout_basic, serial_shops, shop
D:4:      layout_rooms, minitemple, kennysheep_generic_room_9
D:5:      layout_loops_ring, mainiacjoe_overflow_concentric_impassable,
          serial_shops, nicolae_shop_back_alley_shop, minmay_small_thing
D:6:      layout_basic, uniq_menkaure
D:7:      layout_rooms, minmay_temple_entry_antechambers,
          minmay_misc_feat_doors, kennysheep_crisscross, nrook_mini_vaults,
          minmay_misc_feat_room, minmay_between
D:8:      layout_basic, led_xom_imps, grunt_ministairs_9, disabler_island,
          uniq_joseph, uniq_psyche, uniq_erica
D:9:      layout_rooms, nicolae_tso_carved_into_rock,
          minmay_orc_entry_temple_small, nicolae_water_bricks,
          amcnicky_mini_rare_corridor_liquid, grunt_ministairs_9,
          glass_columns_b, st_stairs_8, hangedman_decor_diamond_cutter
D:10:     layout_irregular_city, lair_entry_dummy, serial_shops,
          nicolae_shop_gaudy_bauble, enter_bailey_3, serial_demonic,
          serial_demonic_a, serial_demonic_f, serial_demonic_f, serial_demonic_g
Temple:   minmay_temple_bridge_abc
Lair:1:   layout_chaotic_city, grunt_megastairs_5, uniq_urug
Orc:1:    layout_diamond_mine, gammafunk_ghost_fury_of_okawaru, enter_volcano_3,
          uniq_snorg
Volcano:  volcano_lake [vl_original]

Skill      XL: |  1  2  3  4  5  6  7  8  9 10 11 12 |
---------------+-------------------------------------+-----
Long Blades    | 3 4 5 6 8 9 11 12 13 | 13.0
Armour         | 4 5 6 7 |  7.6
Shields        | 5 7 9 10 12 | 12.9
Fighting       | 4 5 6 |  6.7
Dodging        | 2 3 |  3.3
Stealth        | 1 2 3 |  3.1
Invocations    | 1 5 |  5.4
Evocations     | |  0.3

Action                     |  1- 3 |  4- 6 |  7- 9 | 10-12 || total
---------------------------+-------+-------+-------+-------++-------
  Melee: Long sword        |   101 |   217 |   243 |       ||   561
         Kick              |       |       |    73 |   165 ||   238
         Scimitar          |       |       |       |   461 ||   461
         Great sword       |       |       |       |    22 ||    22
 Invoke: Recite            |       |       |       |     5 ||     5
         Donate Gold       |       |       |       |     1 ||     1
         Vitalisation      |       |       |       |     1 ||     1
Ability: Dig               |       |       |     2 |     1 ||     3
         Shaft Self        |       |       |     1 |       ||     1
  Evoke: Wand              |       |       |     3 |       ||     3
    Use: Scroll            |       |     6 |     5 |     3 ||    14
         Potion            |       |     1 |     5 |     3 ||     9
   Stab: Paralysed         |       |       |     3 |       ||     3
         Invisible         |       |       |       |     5 ||     5
         Confused          |       |       |       |     1 ||     1
 Armour: Chain mail        |    56 |   121 |    15 |       ||   192
         Scale mail        |       |       |    76 |   189 ||   265
  Dodge: Dodged            |    54 |   116 |   107 |   234 ||   511
  Block: Buckler           |    34 |    85 |   136 |   304 ||   559
         Reflection        |       |       |     5 |    22 ||    27
